[Event "*** Titled Tuesday Blitz"]
[Site "Chess.com"]
[Date "2020.05.12"]
[Round "2"]
[White "Skatchkov_V"]
[Black "rpragchess"]
[Result "0-1"]
[WhiteElo "2557"]
[BlackElo "2910"]
[TimeControl "180+1"]
[EndTime "10:17:44 PDT"]
[Termination "rpragchess won by resignation"]

1. d4 Nf6 2. c4 Nc6 3. Nf3 e6 4. g3 Bb4+ 5. Bd2 Qe7 6. Bg2 Bxd2+ 7. Qxd2 Ne4 8. Qc2 Qb4+ 9. Nc3 Nxc3 10. Qxc3 Qxc3+ 11. bxc3 Na5 12. Nd2 Rb8 13. Rb1 b6 14. c5 Ba6 15. cxb6 axb6 16. Bf3 Ke7 17. O-O d5 18. Nb3 Nc4 19. Rfe1 Nd6 20. Nd2 f5 21. Rb2 Ra8 22. Rc1 Bb5 23. c4 Bxc4 24. Nxc4 Nxc4 25. Rxc4 dxc4 26. Bxa8 Rxa8 27. Rb4 Rxa2 28. Rxc4 Kd6 29. e3 c5 30. dxc5+ bxc5 31. Kg2 Kd5 32. Rc3 c4 33. Kf3 Kc5 34. Rc1 Kb4 35. Rb1+ Ka3 36. Rb7 c3 37. Rc7 c2 38. e4 Kb2 39. Rb7+ Ka1 40. Rc7 Kb1 41. Rb7+ Rb2 0-1

[Event "*** Titled Tuesday Blitz"]
[Site "Chess.com"]
[Date "2020.05.12"]
[Round "2"]
[White "pirulillo"]
[Black "Chesswizard_2007"]
[Result "1-0"]
[WhiteElo "2199"]
[BlackElo "2582"]
[TimeControl "180+1"]
[EndTime "10:17:44 PDT"]
[Termination "pirulillo won by checkmate"]

1. e4 d6 2. d4 Nf6 3. Nc3 Nbd7 4.
g3 e5 5. Bg2 c6 6. Nge2 Qc7 7.
O-O Be7 8. a4 O-O 9. h3 b6 10.
Be3 Bb7 11. g4 d5 12. exd5 cxd5 13. g5 Ne4 14. Nxe4 dxe4 15. Nc3 Rad8 16. d5 Nc5 17. b4 Na6 18. Nxe4 Nxb4 19. c4 Qb8 20. Qh5 Rfe8 21. Nf6+ gxf6 22. Be4 f5 23. Bxf5 Bd6 24. Qxh7+ Kf8 25. Qh8+ Ke7 26. Qf6+ Kf8 27. g6 Qc7 28. g7+ Kg8 29. Bh7+ Kxh7 30. Qh6+ Kg8 31. Qh8# 1-0

[Event "*** Titled Tuesday Blitz"]
[Site "Chess.com"]
[Date "2020.05.12"]
[Round "2"]
[White "peixe64"]
[Black "mirceaparligras"]
[Result "0-1"]
[WhiteElo "2178"]
[BlackElo "2594"]
[TimeControl "180+1"]
[EndTime "10:17:44 PDT"]
[Termination "mirceaparligras won by resignation"]

1. d4 Nf6 2. c4 e6 3. Nc3 Bb4 4. e3 O-O 5. Ne2 Re8 6. a3 Bf8 7. Ng3 d5 8. Be2 dxc4 9. Bxc4 c5 10. O-O cxd4 11. exd4 Nc6 12. Be3 b6 13. Qd2 Na5 14. Bb5 Nb3 15. Qd1 Nxa1 16. Bxe8 Qxe8 17. Qxa1 Bb7 18.
Rd1 Rc8 19. f3 Nd5 20. Nxd5 Bxd5 21. Rc1 h6 22. Ne2 Be7 23. Nc3 Bb7 24. Rd1 Rd8 25. Bf2 Qc6 26. Qb1 Qc4 27. Qd3 Qb3 28. Rd2 Rc8 29. Nd1 Bd5 30. Qxb3 Bxb3 31. Kf1 Rc1 32. Ke1 Bg5 33. Rd3 Bc2 34. Rc3 Rxd1+ 35. Ke2 Rd2+ 36. Ke1 Ba4 37. b3 Bb5 38. h4 Re2+ 39.
Kd1 Rxf2 40. hxg5 hxg5 41. a4 Ba6 42. b4 Rxg2 0-1

[Event "*** Titled Tuesday Blitz"]
[Site "Chess.com"]
[Date "2020.05.12"]
[Round "2"]
[White "queen_iryna"]
[Black "Shankovskyi"]
[Result "1-0"]
[WhiteElo "2325"]
[BlackElo "2592"]
[TimeControl "180+1"]
[EndTime "10:17:44 PDT"]
[Termination "queen_iryna won by resignation"]

1. d4 e6 2. Nc3 d5 3. e4 f5 4. e5 c5 5. f4 Nc6 6. Nf3 Qb6 7. Be3 Qxb2 8. Nb5 Qb4+ 9. Bd2 Qa4 10. Nc7+ Kd8 11. Nxa8 cxd4 12. Bd3 Bc5 13. O-O Nh6 14. Qe1 Bd7 15. Kh1 Be8 16. Ng5 Kd7 17. Qe2 Bg6 18. Nxe6 Kxe6 19. Nc7+ Kd7 20. Nxd5 Re8 21. c4 Ng4 22. h3 Nh6 23. Rfe1 Bf7 24. Qf3 Be6 25. Rab1 Kc8 26. Rb5 Bf8 27. Reb1 b6 28. Nxb6+ axb6 29. Qxc6+ Kd8 30. Rd5+ Bxd5 31. Qxa4 Bb7 32. Qa7 Kc7 33. Qxb6+ 1-0

[Event "*** Titled Tuesday Blitz"]
[Site "Chess.com"]
[Date "2020.05.12"]
[Round "2"]
[White "HarryCun"]
[Black "noblerone"]
[Result "1-0"]
[WhiteElo "2188"]
[BlackElo "2410"]
[TimeControl "180+1"]
[EndTime "10:17:44 PDT"]
[Termination "HarryCun won on time"]

1. Nf3 d5 2. g3 Nf6 3. Bg2 Bg4 4. O-O Nbd7 5. d3 e6 6. Nbd2 Bc5 7. h3 Bxf3 8. Nxf3 O-O 9. Re1 c6 10. e4 dxe4 11. dxe4 e5 12. Qe2 Re8 13. b3 Nf8 14. Bb2 Qc7 15. a4 a5 16. Rad1 N6d7 17. Qc4 Bb4 18. Re3 h6 19. Qe2 Rad8 20. Red3 f6 21. Nh4 Bc5 22. Nf5 Ne6 23. Qg4 Kh7 24. Nxg7 Ndf8 25. Nxe8 Rxe8 26. Rf3 Be7 27. Bc1 Ng6 28. h4 Nef8 29. Qf5 Qc8 30. Qh5 1-0

[Event "*** Titled Tuesday Blitz"]
[Site "Chess.com"]
[Date "2020.05.12"]
[Round "2"]
[White "Chessdude1987"]
[Black "Generalas"]
[Result "1-0"]
[WhiteElo "2174"]
[BlackElo "2391"]
[TimeControl "180+1"]
[EndTime "10:17:44 PDT"]
[Termination "Chessdude1987 won on time"]

1. e4 e5 2. f4 exf4 3. Bc4 Nf6 4. Nc3 Nxe4 5. Qe2 Qh4+ 6. Kf1 f5 7. d3 Nc6 8. Nf3 Qh5 9. dxe4 fxe4 10. Qxe4+ Kd8 11. Bxf4 d6 12. Bg5+ Be7 13. Bxe7+ Nxe7 14. Re1 Re8 15. Nd5 Bf5 16. Nf4 Qh6 17. Ne6+ Kd7 18. Qe3 Qf6 19. Qd4 Qg6 20. Nf4 Qg4 21. h3 Qg3 22. Qd2 Nc6 23. Rd1 Ne5 24. Be2 g5 25. Nh5 1-0

[Event "*** Titled Tuesday Blitz"]
[Site "Chess.com"]
[Date "2020.05.12"]
[Round "2"]
[White "MYMChessAcademy"]
[Black "Robert_Chessmood"]
[Result "0-1"]
[WhiteElo "2536"]
[BlackElo "2963"]
[TimeControl "180+1"]
[EndTime "10:17:45 PDT"]
[Termination "Robert_Chessmood won on time"]

1. d4 d5 2. c4 c6 3. Nf3 Nf6 4. g3 Bg4 5. Bg2 e6 6. O-O Nbd7 7. b3 Bd6 8. Bb2 O-O 9. Nbd2 Qb8 10. Qc2 Bf5 11. Qc1 h6 12. Re1 Re8 13. Nh4 Bh7 14. f4 Bb4 15. Ba3 Bxd2 16. Qxd2 Be4 17. Nf3 a5 18. Ne5 Bxg2 19. Kxg2 Ne4 20. Nxd7 Nxd2 21. Nxb8 Rexb8 22. Red1 Ne4 23. Rac1 a4 24. b4 Nd6 25. c5 Nc4 26. Rxc4 dxc4 27. Rc1 g5 28. Rxc4 gxf4 29. gxf4 Kh7 30. Bc1 a3 31. Rc3 Ra4 32. Rb3 b6 33. Rxa3 Rxb4 34. Ra7 Kg6 35. Be3 bxc5 36. dxc5 Rc4 37.
Rc7 Rb2 0-1

[Event "*** Titled Tuesday Blitz"]
[Site "Chess.com"]
[Date "2020.05.12"]
[Round "2"]
[White "Snegokhod"]
[Black "Yaacovn"]
[Result "0-1"]
[WhiteElo "2541"]
[BlackElo "2844"]
[TimeControl "180+1"]
[EndTime "10:17:45 PDT"]
[Termination "Yaacovn won by resignation"]

1. e4 c6 2. d3 d5 3. Nd2 g6 4.
Ngf3 Bg7 5. g3 Bg4 6. h3 Bxf3 7. Qxf3 Nf6 8. Bg2 O-O 9. O-O e6 10. Re1 a5 11. a4 Na6 12. Qd1 Nd7 13. exd5 cxd5 14.
c3 Nac5 15. Nf3 Nb8 16. d4 Ne4 17. Ne5 Nd6 18. h4 Nc6 19. h5 Nxe5 20. dxe5 Nc4 21. f4 Nxb2 22. Bxb2 Qb6+ 23. Qd4 Qxb2 24. hxg6 hxg6 25. Reb1 Qc2 26. Rxb7 Rac8 27. Rf1 Rxc3 28.
Rf2 Qc1+ 29. Kh2 Rc4 30. Qa7 Rxa4 31. Bh3 Ra1 32. Rf1 Ra2+ 33. Rf2 Rxf2+ 34. Qxf2 Rc8 35. Rb2 a4 36. Ra2 a3 37. Bg2 Rb8 38. Qf3 Bf8 39. f5 Qh6+ 40. Bh3 gxf5 41. g4 Rb2+ 42. Rxb2 axb2 43.
Qd3 Qf4+ 44. Kg2 Qe4+ 45. Qxe4 fxe4 0-1

[Event "*** Titled Tuesday Blitz"]
[Site "Chess.com"]
[Date "2020.05.12"]
[Round "2"]
[White "tacticthunder"]
[Black "CzechmVIII"]
[Result "1-0"]
[WhiteElo "2612"]
[BlackElo "2248"]
[TimeControl "180+1"]
[EndTime "10:17:46 PDT"]
[Termination "tacticthunder won by checkmate"]

1. e4 c5 2. Nf3 d6 3. d4 cxd4 4. Nxd4 Nf6 5. Nc3 g6 6. Be2 Bg7 7. O-O O-O 8. Be3 Nc6 9. Qd2 d5 10. Nxc6 bxc6 11. e5 Nd7 12. f4 e6 13. Na4 f6 14. exf6 Bxf6 15. Rad1 Qe7 16. c4 Rf7 17.
Rfe1 Nb6 18. Nc5 Nxc4 19. Bxc4 dxc4 20. Ne4 Bg7 21. Bc5 Qc7 22. Qd8+ Bf8 23. Nf6+ Kh8 24. Bxf8 Qxd8 25. Rxd8 Bb7 26. Red1 Rxf8 27. R1d7 Raxd8 28. Rxh7# 1-0

[Event "*** Titled Tuesday Blitz"]
[Site "Chess.com"]
[Date "2020.05.12"]
[Round "2"]
[White "BabyBoss31"]
[Black "saikrishnaReturns"]
[Result "0-1"]
[WhiteElo "2302"]
[BlackElo "2588"]
[TimeControl "180+1"]
[EndTime "10:17:46 PDT"]
[Termination "saikrishnaReturns won by resignation"]

1. d4 Nf6 2. c4 g6 3. Nf3 Bg7 4. Nc3 d6 5. e4 O-O 6. h3 e5 7. d5 Na6 8. Bg5 h6 9. Be3 Nh5 10. Nh2 Qe8 11. Qd2 Kh7 12. O-O-O Bd7 13. Ng4 Nf4 14.
g3 g5 15. gxf4 gxf4 16. Bxf4 exf4 17. Qxf4 f5 18. Bd3 fxg4 19. Qe3 Qe5 20. hxg4 Kg8 21. Rd2 Qf4 22. Qe1 Bxg4 23. Rg1 Nc5 24. Bb1 Rae8 25.
f3 Bxf3 26. e5 Rxe5 27. Qf2 Be4 28. Rxg7+ Kxg7 29. Nxe4 Nxe4 30. Qg2+ Kh8 31. Bxe4 Qf1+ 32. Kc2 Qxc4+ 33. Kb1 0-1

[Event "*** Titled Tuesday Blitz"]
[Site "Chess.com"]
[Date "2020.05.12"]
[Round "2"]
[White "viktorskliarov"]
[Black "Morshynska"]
[Result "1-0"]
[WhiteElo "2593"]
[BlackElo "2165"]
[TimeControl "180+1"]
[EndTime "10:17:48 PDT"]
[Termination "viktorskliarov won by resignation"]

1. e4 Nc6 2. Nc3 d6 3. d4 Nf6 4.
d5 Nb8 5. f3 g6 6. Be3 Bg7 7.
Qd2 h6 8. O-O-O a6 9. g4 b5 10. h4 Nbd7 11. Kb1 Bb7 12. Nge2 Nb6 13. Nd4 Qd7 14. b3 e6 15. dxe6 fxe6 16. Bh3 c5 17. g5 cxd4 18. Bxd4 hxg5 19. hxg5 Nh5 20. Bxb6 Qc6 21. Bd4 e5 22. Bf2 Rd8 23. Nd5 Rf8 24. Bg4 Nf4 25. Rh7 Bh8 26. Rdh1 Nh5 27. Nc7+ Qxc7 28.
Rxc7 Ba8 29. Rxh5 gxh5 30. Bxh5+ 1-0

[Event "*** Titled Tuesday Blitz"]
[Site "Chess.com"]
[Date "2020.05.12"]
[Round "2"]
[White "ajdemipopushi"]
[Black "Fighter008"]
[Result "0-1"]
[WhiteElo "2208"]
[BlackElo "2534"]
[TimeControl "180+1"]
[EndTime "10:17:48 PDT"]
[Termination "Fighter008 won on time"]

1. Nf3 Nf6 2. g3 g6 3. c4 Bg7 4.
Bg2 O-O 5. O-O d6 6. d4 c6 7. Nc3 Bf5 8. b3 Ne4 9. Bb2 Qa5 10. Nxe4 Bxe4 11. e3 Nd7 12. Qe2 b5 13. Rfc1 Rab8 14. Bf1 bxc4 15. Rxc4 Nb6 16. Rcc1 Rfc8 17.
Nd2 Bd5 18. Rc2 Nd7 19. e4 Be6 20. Nc4 Qd8 21. Rac1 Nf6 22. Bg2 Bg4 23. Qe3 Rb5 24. h3 Bd7 25. e5 Nd5 26. Qe2 Nb4 27. exd6 exd6 28. Nxd6 Nxc2 29. Nxc8 Nxd4 30. Ne7+ Kh8 31. Bxd4 Bxd4 32. Nxc6 Bxc6 33. Rxc6 Re5 34. Qc4 Kg7 35. Rc7 Qf6 0-1

[Event "*** Titled Tuesday Blitz"]
[Site "Chess.com"]
[Date "2020.05.12"]
[Round "2"]
[White "PelinGorki"]
[Black "Batsai"]
[Result "1-0"]
[WhiteElo "2470"]
[BlackElo "2260"]
[TimeControl "180+1"]
[EndTime "10:17:48 PDT"]
[Termination "PelinGorki won by resignation"]

1. e4 c6 2. Nc3 d5 3. d3 Nf6 4. Qe2 e6 5. f4 Bb4 6. Bd2 O-O 7. e5 Nfd7 8. Nf3 Be7 9. g3 c5 10. Bg2 b6 11. O-O Bb7 12. Rae1 Nc6 13. Qf2 a6 14. g4 b5 15. f5 d4 16. Nd1 Kh8 17.
Qg3 Qc7 18. Nf2 Rae8 19. h4 f6 20. fxe6 Ndxe5 21. Nxe5 Nxe5 22. Bf4 Bd6 23. Bxb7 Qxb7 24. Ne4 Bb8 25. Nxc5 Qd5 26. b4 a5 27. a3 h6 28. g5 fxg5 29. Bxe5 Rxf1+ 30. Kxf1 Rf8+ 31. Kg1 Rf3 32. Bxb8 Rxg3+ 33. Bxg3 gxh4 34. e7 h3 35. e8=Q+ 1-0

[Event "*** Titled Tuesday Blitz"]
[Site "Chess.com"]
[Date "2020.05.12"]
[Round "2"]
[White "frankshar"]
[Black "Barys1974"]
[Result "0-1"]
[WhiteElo "2344"]
[BlackElo "2638"]
[TimeControl "180+1"]
[EndTime "10:17:49 PDT"]
[Termination "Barys1974 won by resignation"]

1. d4 d5 2. c4 e6 3. Nf3 c6 4. Nc3 dxc4 5. a4 c5 6. e3 cxd4 7. exd4 Nf6 8. Bxc4 Bd6 9. O-O h6 10. Ne5 O-O 11. Qe2 Nc6 12. Nxc6 bxc6 13. Rd1 Rb8 14. Ne4 Nxe4 15. Qxe4 Qc7 16. h3 Rb4 17. b3 Rb8 18.
Be3 Re8 19. Rac1 Bb7 20. Qg4 Kh8 21. Bd3 Qe7 22. Be4 f5 23. Bxf5 exf5 24. Qxf5 Qe6 25. Qxe6 Rxe6 26. d5 cxd5 27. Bxa7 Ra8 28. Bd4 Bf4 29. Rc3 Re4 30. g3 Rxd4 31. Rxd4 Be5 32.
Rcd3 Bxd4 33. Rxd4 Bc6 34. Kf1 Kg8 35. Ke2 Kf7 36.
Kd2 Ke6 37. f4 Kd6 38. Kc3 Re8 39. Rd3 Re1 40. g4 g6 41. Rf3 d4+ 42. Kxd4 Bxf3 0-1

[Event "*** Titled Tuesday Blitz"]
[Site "Chess.com"]
[Date "2020.05.12"]
[Round "2"]
[White "Chessmasterzt"]
[Black "Trickov"]
[Result "1-0"]
[WhiteElo "2569"]
[BlackElo "2297"]
[TimeControl "180+1"]
[EndTime "10:17:49 PDT"]
[Termination "Chessmasterzt won on time"]

1. Nf3 d5 2. c4 c6 3. g3 Bf5 4.
Bg2 Nf6 5. Qb3 Qb6 6. d3 e6 7.
Be3 Qxb3 8. axb3 a6 9. Nc3 Nbd7 10.
cxd5 exd5 11. Nd4 Bg6 12. Nc2 Be7 13. b4 O-O 14. Bd4 Rfe8 15. Na4 Bf8 16. Kd2 Rac8 17. Nc5 Rb8 18. f4 Nxc5 19. bxc5 Nd7 20. b4 f6 21. Bh3 Rbd8 22. Rac1 Bf7 23. Na1 Be6 24. Bg2 f5 25. Nb3 g6 26. Na5 Rb8 27. h3 Bg7 28. Nb3 Bf7 29.
Bf3 Re7 30. g4 Rbe8 31. Rhg1 fxg4 32. hxg4 Bxd4 33. Nxd4 Nf8 34. f5 Kg7 35. g5 Kg8 36. Rcf1 gxf5 37. Nxf5 Rc7 38. Nd6 Rd8 39. Bg4 Bg6 40.
Rf6 Kg7 41. Rgf1 Nd7 42. Re6 Nf8 43. Ref6 Re7 44. Bf5 Nd7 45. Bxg6 hxg6 46. Rf7+ Rxf7 47. Rxf7+ Kg8 48. Nxb7 1-0

[Event "*** Titled Tuesday Blitz"]
[Site "Chess.com"]
[Date "2020.05.12"]
[Round "2"]
[White "Gareth-Bale11"]
[Black "Poghosyan_Suren"]
[Result "1/2-1/2"]
[WhiteElo "2717"]
[BlackElo "2495"]
[TimeControl "180+1"]
[EndTime "10:17:50 PDT"]
[Termination "Game drawn by repetition"]

1. d4 Nf6 2. c4 c5 3. d5 b5 4.
cxb5 a6 5. bxa6 Bxa6 6. Nc3 d6 7. e4 Bxf1 8. Kxf1 g6 9. Nf3 Bg7 10. h3 O-O 11. g3 Nbd7 12. Kg2 Ra6 13. Qc2 Qa8 14. a4 Rb8 15. b3 Nxe4 16. Qxe4 Bxc3 17. Ra2 Nf6 18. Qxe7 Nxd5 19. Qe4 Rxb3 20.
Rd1 Nb4 21. Re2 Qxe4 22. Rxe4 d5 23. Re7 Kg7 24. Bf4 Bf6 25. Rc7 c4 26. Ne5 Bxe5 27.
Bxe5+ Kf8 28. a5 Nd3 29. Bd4 Rxa5 30. Bf6 Ra8 31. Ra1 Rbb8 32. Rxa8 Rxa8 33. Rd7 Rc8 34. Rxd5 Nb4 35. Rb5 Nc6 36. Rc5 Na7 37. Ra5 Nc6 38. Rc5 Na7 39. Ra5 Nc6 40. Rc5 1/2-1/2

[Event "*** Titled Tuesday Blitz"]
[Site "Chess.com"]
[Date "2020.05.12"]
[Round "2"]
[White "Infernal_XaM"]
[Black "Gentlejimmy7"]
[Result "0-1"]
[WhiteElo "2856"]
[BlackElo "2567"]
[TimeControl "180+1"]
[EndTime "10:17:51 PDT"]
[Termination "Gentlejimmy7 won by resignation"]

1. Nf3 Nf6 2. c4 g6 3. Nc3 d5 4.
cxd5 Nxd5 5. Qa4+ Nc6 6. Qb3 Nb6 7. g3 Bg7 8. Bg2 Bg4 9. Ng5 O-O 10. Bxc6 bxc6 11.
f3 Bd7 12. d3 c5 13. Be3 Rb8 14. Qc2 c4 15. d4 e6 16. Nge4 Bc6 17. Rd1 Nd5 18. Bg5 f6 19. Bc1 Nb4 20. Qd2 f5 21. Ng5 Qd6 22. O-O h6 23. Nh3 Rfd8 24. Kg2 Qxd4 25.
Qxd4 Rxd4 26. Rxd4 Bxd4 27. Bxh6 Bxc3 28. bxc3 Nxa2 29.
Bf4 Nxc3 30. Rc1 Nxe2 31. Rxc4 Rb2 32. Be5 Nd4+ 33. Kf1 Bb5 0-1

[Event "*** Titled Tuesday Blitz"]
[Site "Chess.com"]
[Date "2020.05.12"]
[Round "2"]
[White "Zurability"]
[Black "krasavetc"]
[Result "1-0"]
[WhiteElo "2658"]
[BlackElo "2324"]
[TimeControl "180+1"]
[EndTime "10:17:51 PDT"]
[Termination "Zurability won by checkmate"]

1. d3 Nf6 2. Nf3 e6 3. g3 Be7 4.
Bg2 d5 5. O-O c6 6. Nbd2 Nbd7 7.
e4 O-O 8. b3 dxe4 9. dxe4 Nc5 10. Qe2 Ne8 11. e5 g6 12. Rd1 Qc7 13. Ne4 Nxe4 14. Qxe4 b6 15. Bg5 Bb7 16. Qh4 f6 17.
exf6 Bxf6 18. Re1 Bxa1 19. Rxa1 c5 20. Bf4 Rxf4 21. gxf4 Ng7 22. Re1 Rf8 23. Ng5 Nf5 24. Qxh7+ Qxh7 25. Nxh7 Kxh7 26. Bxb7 Nd4 27. c3 Nb5 28.
Rxe6 Nxc3 29. a4 Rxf4 30. Re3 Nd1 31. Re7+ Kh6 32. f3 Rb4 33. Bd5 Nc3 34. Bg8 a6 35. Kf2 b5 36. axb5 Nxb5 37. Kg3 Nd4 38. Rh7+ Kg5 39.
f4+ Kf5 40. Bd5 Ne2+ 41. Kf3 Nxf4 42. Bc4 Ne6 43. Rf7+ Ke5 44. Re7 Rb6 45. Kg4 Kf6 46.
Ra7 Nd4 47. Kf4 Nxb3 48. Rf7# 1-0

[Event "*** Titled Tuesday Blitz"]
[Site "Chess.com"]
[Date "2020.05.12"]
[Round "2"]
[White "JorgeElias99"]
[Black "AwesomeMango"]
[Result "0-1"]
[WhiteElo "2412"]
[BlackElo "2240"]
[TimeControl "180+1"]
[EndTime "10:17:51 PDT"]
[Termination "AwesomeMango won on time"]

1. e4 c5 2. Nf3 d6 3. d4 cxd4 4. Nxd4 Nf6 5. Nc3 a6 6. Be3 e5 7.
Nb3 Be6 8. h3 Nbd7 9. Qf3 b5 10.
O-O-O Nb6 11. Bxb6 Qxb6 12. g4 Be7 13. g5 Nd7 14. h4 h6 15. Rg1 Qd8 16. gxh6 gxh6 17. Bh3 Bxh3 18. Qxh3 Nb6 19. Qf5 Bxh4 20. Rg7 Bg5+ 21.
Kb1 Qe7 22. Na5 Kf8 23. Rh7 Rxh7 24. Qxh7 Qf6 25. Nb7 Nc4 26. Nd5 Qg7 27. Qf5 Rb8 28. b3 Nd2+ 29. Kb2 Qg6 30. Nxd6 Qxd6 0-1

[Event "*** Titled Tuesday Blitz"]
[Site "Chess.com"]
[Date "2020.05.12"]
[Round "2"]
[White "XiaoKangZhong"]
[Black "AGW2016"]
[Result "1-0"]
[WhiteElo "2407"]
[BlackElo "2123"]
[TimeControl "180+1"]
[EndTime "10:17:51 PDT"]
[Termination "XiaoKangZhong won by resignation"]

1. e4 c5 2. c3 Nf6 3. e5 Nd5 4. d4 cxd4 5. Nf3 Nc6 6. cxd4 d6 7. Bc4 Nb6 8. Bb5 Bd7 9. Nc3 a6 10. Bxc6 Bxc6 11. e6 fxe6 12. O-O Nd5 13. Ng5 Qd7 14. Re1 Nxc3 15. bxc3 Bd5 16. Qd3 b5 17. Nxh7 O-O-O 18. Ng5 Re8 19. Bf4 g6 20. a4 Bc4 21. Qe4 Bh6 22.
axb5 d5 23. Qxg6 Bxb5 24. Nxe6 Bxf4 25. Nxf4 Rhg8 26. Qe6 Qxe6 27. Nxe6 Kd7 28. Nf4 Kd8 29. Re5 e6 30. Nxe6+ Kd7 31. Rae1 Kd6 32. Nc5 Rxe5 33. Rxe5 Bc4 34. Re6+ Kc7 35. Nxa6+ Kd7 36. Nc5+ Kc7 37. h4 Rg4 38. g3 Kd8 39. Re5 Kc7 40. Rg5 Rxg5 41. hxg5 Kd6 42. f4 Ke7 43. Kf2 Kf7 44. Kf3 Kg6 45. g4 Kf7 46. f5 Kg7 47. Kf4 Kf7 48.
g6+ Kf6 49. g5+ Kg7 50. Ke5 Kf8 51. Ne6+ Ke7 52. Nf4 Kf8 53. Nxd5 Bd3 54. Nf4 Ke7 55. f6+ Kf8 56. g7+ 1-0

[Event "*** Titled Tuesday Blitz"]
[Site "Chess.com"]
[Date "2020.05.12"]
[Round "2"]
[White "Azoulas1"]
[Black "uchenic"]
[Result "0-1"]
[WhiteElo "1916"]
[BlackElo "2473"]
[TimeControl "180+1"]
[EndTime "10:17:52 PDT"]
[Termination "uchenic won by checkmate"]

1. e4 e6 2. d4 d5 3. Nc3 Bb4 4.
e5 Qd7 5. Qg4 Bf8 6. Bd2 b6 7.
h4 h5 8. Qf3 Ba6 9. Rh3 Bxf1 10. Kxf1 Ne7 11. Nge2 Nf5 12. Rd1 Nc6 13. Be1 Be7 14.
Kg1 Nxh4 15. Qg3 g5 16. Bd2 Nf5 17. Qh2 h4 18. g4 Nfxd4 19. Nxd4 Nxd4 20. Bxg5 c5 21. Bxe7 Qxe7 22. Rxd4 cxd4 23. Nb5 Kd7 24. Nxd4 Qg5 25. Qg2 Qc1+ 26. Qf1 Qxb2 27. Rd3 h3 28.
Rd1 h2+ 29. Kh1 Rac8 30. f4 Rc4 31. Nxe6 Kxe6 32. f5+ Ke7 33. Rxd5 Qxc2 34. f6+ Ke8 35. e6 Qe4+ 36. Qg2 Rc1+ 37. Rd1 Rxd1# 0-1

[Event "*** Titled Tuesday Blitz"]
[Site "Chess.com"]
[Date "2020.05.12"]
[Round "2"]
[White "freshfoodcompany"]
[Black "Zufi1811"]
[Result "1/2-1/2"]
[WhiteElo "2249"]
[BlackElo "2455"]
[TimeControl "180+1"]
[EndTime "10:17:52 PDT"]
[Termination "Game drawn by repetition"]

1. d4 Nf6 2. c4 g6 3. Nc3 Bg7 4. e4 d6 5. Nf3 O-O 6. Be2 e5 7.
d5 a5 8. Bg5 Na6 9. Nd2 Qe8 10. a3 Bd7 11. b3 h5 12. Rb1 Nc5 13.
b4 axb4 14. axb4 Na4 15. Qb3 Nxc3 16. Qxc3 Nh7 17. Be3 f5 18. f3 Qe7 19. O-O f4 20. Bf2 g5 21. c5 g4 22. c6 bxc6 23. dxc6 Be6 24. Bc4 Kh8 25. Bxe6 Qxe6 26. Qc4 Qg6 27.
Be1 Ng5 28. Qe2 Ra2 29. Kh1 g3 30. h3 Rfa8 31. b5 Qe6 32. Qc4 Qc8 33. Kg1 d5 34. exd5 Nxh3+ 35. gxh3 Qxh3 36. Qe2 e4 37. Rb4 g2 38.
Qxg2 Bd4+ 39. Rxd4 Rg8 40. Qxg8+ Kxg8 41. Rxe4 Rxd2 42. Bxd2 Qg3+ 43. Kh1 Qh3+ 44. Kg1 Qg3+ 45. Kh1 Qh3+ 46. Kg1 1/2-1/2

[Event "*** Titled Tuesday Blitz"]
[Site "Chess.com"]
[Date "2020.05.12"]
[Round "2"]
[White "Riptide27"]
[Black "GM_dmitrij"]
[Result "1-0"]
[WhiteElo "2572"]
[BlackElo "2890"]
[TimeControl "180+1"]
[EndTime "10:17:53 PDT"]
[Termination "Riptide27 won by resignation"]

1. d4 Nf6 2. c4 e6 3. Nc3 Bb4 4. e3 O-O 5. Bd2 c5 6. a3 Bxc3 7. Bxc3 cxd4 8. Bxd4 Nc6 9. Bc3 Ne4 10. Rc1 d5 11. cxd5 exd5 12. Nf3 Bg4 13. Be2 Qb6 14. O-O Rad8 15. Qa4 Rfe8 16. Qb5 Nxc3 17. Rxc3 d4 18. Qxb6 axb6 19. Nxd4 Rxd4 20. exd4 Rxe2 21. Re3 Nxd4 22. Rxe2 Nxe2+ 23. Kh1 Kf8 24. Re1 Bh5 25. f3 Nd4 26. Rd1 Nb3 27. Rd6 Bg6 28. Rxb6 Na5 29. b4 Nc4 30. Rxb7 Nxa3 31. b5 Nc4 32. Rc7 Nb6 33.
Rc6 Nd7 34. b6 Ke7 35. b7 Nb8 36. Rc8 Na6 37. Ra8 1-0

[Event "*** Titled Tuesday Blitz"]
[Site "Chess.com"]
[Date "2020.05.12"]
[Round "2"]
[White "Gennady_Kozlov"]
[Black "chesslh19"]
[Result "1-0"]
[WhiteElo "2598"]
[BlackElo "2188"]
[TimeControl "180+1"]
[EndTime "10:17:53 PDT"]
[Termination "Gennady_Kozlov won by resignation"]

1. b3 e5 2. Bb2 Nc6 3. e3 Nf6 4. d4 exd4 5. exd4 Bb4+ 6. c3 Be7 7. Nf3 d5 8. Bd3 O-O 9. O-O Bg4 10. h3 Bh5 11. Nbd2 Re8 12. Qc2 Bf8 13. Rae1 Qd7 14. Bf5 Qd6 15. c4 Bg6 16. Bxg6 hxg6 17. c5 Qd7 18.
Ne5 Qf5 19. Qxf5 gxf5 20. Nxc6 bxc6 21. Nf3 Nd7 22. b4 f6 23. Bc1 Rxe1 24. Rxe1 Kf7 25.
Bf4 Rc8 26. h4 a6 27. Re3 Rb8 28.
Rb3 Be7 29. Bxc7 Rb7 30. Bf4 Bd8 31. Ne1 a5 32. a3 axb4 33. axb4 g5 34. Bg3 f4 35.
Bh2 f5 36. hxg5 Bxg5 37. Nd3 Bf6 38. Bxf4 Bxd4 39. Ra3 Ke6 40. Ra6 Nb8 41. Bxb8 Rxb8 42. Rxc6+ Ke7 43. Rd6 Bc3 44. Rxd5 f4 45. c6 Bxb4 46.
c7 Rc8 47. Nxb4 Rxc7 48. Rd4 Rc1+ 49. Kh2 f3 50. gxf3 Kf6 51. f4 Kf5 52. Kg3 Rb1 53. Nd3 Rb3 54. f3 Rb1 55. Rd5+ Kf6 56. f5 Rg1+ 57. Kf4 Rh1 58. Rd6+ Ke7 59. Ra6 Kf7 60. Ne5+ Ke8 61. f6 Kf8 1-0

[Event "*** Titled Tuesday Blitz"]
[Site "Chess.com"]
[Date "2020.05.12"]
[Round "2"]
[White "AleksanderHnydiuk"]
[Black "Charlottemillard17"]
[Result "1-0"]
[WhiteElo "2584"]
[BlackElo "1402"]
[TimeControl "180+1"]
[EndTime "10:17:53 PDT"]
[Termination "AleksanderHnydiuk won by checkmate"]

1. Nf3 d6 2. d4 g6 3. c4 Bg7 4. Nc3 Nf6 5. g3 O-O 6. Bg2 Bg4 7. h3 Bc8 8. O-O c6 9. e4 Nbd7 10. Be3 e5 11. Qc2 Re8 12. Rfd1 Qc7 13. Rac1 Nf8 14. d5 c5 15. Ne1 Bd7 16. Nd3 Qc8 17. Kh2 h5 18.
Nb5 Qb8 19. b4 a6 20. Na3 b6 21. Nb1 N8h7 22. Nc3 g5 23. a4 g4 24. h4 cxb4 25. Nxb4 a5 26. Nc6 Bxc6 27. dxc6 Qc7 28. Nd5 Nxd5 29.
cxd5 Nf6 30. Rb1 Rab8 31. Rb3 Bf8 32. Qb2 Re7 33. Rb1 Qa7 34. Rxb6 Qa8 35. Rxb8 Qa7 36. Bxa7 Rxa7 37. Rxf8+ Kxf8 38. Qb8+ Kg7 39. Qxa7 Kg6 40. c7 Kg7 41. c8=Q Kg6 42. Qcb7 Kg7 43. Qxf7+ Kh6 44. Qxf6# 1-0

[Event "*** Titled Tuesday Blitz"]
[Site "Chess.com"]
[Date "2020.05.12"]
[Round "2"]
[White "RamonManon0g"]
[Black "Mizner"]
[Result "0-1"]
[WhiteElo "2262"]
[BlackElo "2495"]
[TimeControl "180+1"]
[EndTime "10:17:53 PDT"]
[Termination "Mizner won by checkmate"]

1. d4 d5 2. c4 e6 3. cxd5 exd5 4. Nc3 c6 5. Qc2 g6 6. e3 Bf5 7.
Bd3 Ne7 8. Nf3 Bg7 9. O-O Na6 10.
a3 Nc7 11. Ne2 O-O 12. Ng3 Bxd3 13. Qxd3 Ne6 14. b4 a5 15. Rb1 axb4 16. axb4 Nc7 17. h3 Nc8 18. Ne2 Nd6 19. Nd2 b5 20. f3 Re8 21. e4 dxe4 22. fxe4 Ne6 23. e5 Nf5 24. Nf3 Qb6 25. Kh2 Red8 26. Be3 Nxe3 27. Qxe3 Ra2 28.
Rfd1 h5 29. Nc3 Ra3 30. Qd2 Nxd4 31. Nxd4 Bxe5+ 32. Kh1 Rxd4 33. Qe1 Rxd1 34. Nxd1 Qd4 35. Qf1 Qe4 36. Nf2 Qf4 37. Qg1 Bd4 38. Rf1 Qh4 39. Kh2 Ra2 40. g3 Qf6 41. Kg2 Kf8 42. h4 Ke7 43. Re1+ Kd6 44. Rf1 Kd5 45. g4 Rxf2+ 46.
Rxf2 Qxf2+ 47. Qxf2 Bxf2 48. Kxf2 hxg4 49. Kg3 f5 50.
Kf4 c5 51. bxc5 Kxc5 52. Kg5 g3 53. Kxg6 g2 54. h5 g1=Q+ 55. Kh7 Qg5 56. h6 f4 57. Kh8 Qxh6+ 58. Kg8 Qf6 59. Kh7 Qg5 60. Kh8 Kd6 61. Kh7 Ke7 62. Kh8 Kf7 63. Kh7 Qg7# 0-1